 BcadrenCrawl: Boulder Brew version 0.03.2.1-36-ge828937c2c (webtiles) character file.

Game seed: 17669813831187785151, levelgen mode: deterministic

1321 esc the Vandal (level 8, -2/80 HPs) Ogre Noble. Began on Jan 23, 2021. Slain by a hound skeleton (3 damage) ... on level 3 of the Dungeon on Jan 24, 2021. The game lasted 00:15:58 (2832 turns).

esc the Vandal (Ogre Noble)                         Turns: 2832, Time: 00:15:58

Health: -2/80      AC:  3    Str: 15    XL:     8 ^: 465
Magic:  9/9        EV:  7    Int: 11    God:
Gold:   108        SH:  0    Dex: 19    Spells: 9/9 levels left

rFire    . . .     Vision   .   a - +0 mace
rCold    . . .     Gourm    .   (no weapon)
rNeg     . . .     Faith    .   n - +0 robe
rPois    .         Spirit   .   (helmet restricted)
rElec    .         Reflect  .   (no cloak)
rCorr    .         Harm     .   (gloves unavailable)
MR       .....                  (boots unavailable)
Stlth    ++........             (no amulet)
HPRegen  0.36/turn              d - ring of dexterity
MPRegen  0.19/turn              l - ring of slaying

@: about to teleport, slowed, very slow
A: large, unfitting armour, tough skin 1
a: no special abilities


You were on level 3 of the Dungeon.
You were not hungry.

You visited 1 branch of the dungeon, and saw 3 of its levels.
You also visited: Market.

You collected 57 gold pieces.
You spent 949 gold pieces at shops.

Inventory:

Weapons
 a - a +0 mace (weapon)
 b - a +4 mangonel of electrocution
Armour
 n - a +0 robe (worn)
Jewellery
 d - a ring of dexterity (left hand)
 l - a ring of slaying (right hand)
 m - an uncursed ring of protection
Scrolls
 f - a scroll of amnesia
 i - a scroll of magic mapping
Potions
 j - 2 potions of curing
 k - 2 potions of invisibility
Comestibles
 c - 3 rations


   Skills:
 + Level 5.3 Fighting
 + Level 4.5 Maces & Staves
 + Level 7.2 Slings
 + Level 3.4 Dodging
 - Level 0.6 Stealth
 - Level 1.2 Spellcasting


You had 9 spell levels left.
You didn't know any spells.
Your spell library was empty.

Dungeon Overview and Level Annotations

Branches:
Dungeon (3/8)

Altars:


Innate Abilities, Weirdness & Mutations

You are too large for most types of armour.
You have tough skin. (AC +1)


Message History

The scorpion pinches you (3). The scorpion bites you (4).
The scorpion stings you (7)! The wraith hits you (7)!
* * * LOW HITPOINT WARNING * * *
The wraith drains your vigour!
You feel yourself slow down.
You feel better. The hound skeleton bites you (4).
The scorpion pinches you (4).
* * * LOW HITPOINT WARNING * * *
The scorpion pinches you (4).
* * * LOW HITPOINT WARNING * * *
The scorpion bites you (2).
* * * LOW HITPOINT WARNING * * *
The scorpion stings you (5).
* * * LOW HITPOINT WARNING * * *
The wraith hits you (12)!
* * * LOW HITPOINT WARNING * * *
The wraith drains your vigour!
You feel as though you will be slow longer.
A worker ant zombie comes into view.
The hound skeleton bites you (3).
You die...

#.............
#.....Z........
##....ZZ!......#
##.....$...)...#
#.......s.....##
#........sZ....#
#..##.........#
. ###..ZsZ.##
##.W@.## ######


You could see a wraith, 3 scorpions, 2 worker ant zombies, 2 adder skeletons, a
hound skeleton and a howler monkey skeleton.

Vanquished Creatures
  3 scorpions (D:3)
  3 big kobolds (D:2)
  A bullfrog (D:2)
  4 jellies (D:2)
  A mummy (D:3)
  9 giant cockroaches
  A bullfrog zombie (D:3)
  4 adders (D:2)
  28 sewer rats
  12 cinder newts
  3 worms (D:2)
  A giant cockroach zombie (D:3)
  2 hound zombies (D:3)
  5 oozes
  A dart slug (D:1)
  2 leopard geckos (D:1)
  An adder skeleton (D:3)
  7 bats
  7 hobgoblins (D:1)
  A jackal (D:3)
  18 kobolds
  3 ball pythons (D:2)
  11 goblins (D:1)
  A goblin skeleton (D:2)
  2 hobgoblin skeletons (D:2)
  2 kobold skeletons (D:2)
  6 rats (D:1)
  A rat skeleton (D:2)
  6 withered plants (D:2)
146 creatures vanquished.

Vanquished Creatures (others)
  2 giant blowflies (D:2)
  119 withered plants (D:2)
121 creatures vanquished.

Grand Total: 267 creatures vanquished

Notes
Turn   | Place    | Note
-------+----------+-------------------------------------------
     0 | Start Ma | esc the Ogre Noble began the quest for the Orb.
     0 | Start Ma | Reached XP level 1. HP: 19/19 MP: 2/2
     0 | Start Ma | Found Eheenuil's Expert Tomes.
     4 | Start Ma | Found Sioddas's Auxillary Armour.
     8 | Start Ma | Bought a +0 mangonel for 500 gold pieces
    13 | Start Ma | Found Okia's Mashing MeleeMart.
    23 | Start Ma | Bought an uncursed ring of dexterity for 329 gold pieces
    28 | Start Ma | Bought a scroll of enchantment for 120 gold pieces
    36 | D:1      | esc set off with the following items: a +0 robe, a ration,
                  | a +1 mangonel, a ring of dexterity
    49 | D:1      | Reached skill level 1 in Slings
    51 | D:1      | Reached skill level 2 in Slings
    51 | D:1      | Reached XP level 2. HP: 27/27 MP: 3/3
    54 | D:1      | Reached XP level 3. HP: 33/33 MP: 4/4
    56 | D:1      | Reached skill level 3 in Slings
    63 | D:1      | Reached XP level 4. HP: 41/41 MP: 5/5
   165 | D:1      | Reached skill level 4 in Slings
   495 | D:1      | Reached XP level 5. HP: 48/48 MP: 6/6
   562 | D:1      | Upgraded the game from 0.03.2.1-32-g00f802a9a0 to
                  | 0.03.2.1-36-ge828937c2c
   861 | D:2      | Reached skill level 5 in Slings
   877 | D:2      | Reached XP level 6. HP: 16/55 MP: 7/7
  1154 | D:1      | Reached skill level 6 in Slings
  1253 | D:2      | Reached skill level 1 in Maces & Staves
  1253 | D:2      | Reached skill level 1 in Dodging
  1435 | D:2      | Reached XP level 7. HP: 52/66 MP: 8/8
  2086 | D:2      | Reached XP level 8. HP: 78/78 MP: 9/9
  2766 | D:3      | Noticed a wraith
  2766 | D:3      | Noticed a wraith
  2793 | D:3      | Reached skill level 7 in Slings
  2825 | D:3      | Reached skill level 5 in Fighting
  2832 | D:3      | HP: 1/80 [wraith (12)]
  2832 | D:3      | Slain by a hound skeleton

Levels and vault maps discovered:
D:1:      eino_arrival_tree_alley, layout_basic, minmay_tromino_v4_b
D:2:      layout_sewer, first_ration, item_on_display_merged
D:3:      layout_cave_pods, kennysheep_slug_shrine, ossuary_minmay_tomb_2a,
          uniq_blork_the_orc

Skill      XL: |  1  2  3  4  5  6  7  8 |
---------------+-------------------------+-----
Slings         | 2 3 4 5 6 7 |  7.2
Fighting       | 2 4 5 |  5.3
Maces & Staves | 1 3 4 |  4.5
Dodging        | 1 2 3 |  3.4
Stealth        | |  0.6
Spellcasting   | |  1.2

Action                   |  1- 3 |  4- 6 |  7- 9 || total
-------------------------+-------+-------+-------++-------
Melee: Unarmed           |       |    18 |    14 ||    32
       Mace              |       |    13 |    22 ||    35
 Fire: Mangonel          |    13 |    87 |    62 ||   162
  Use: Scroll            |     1 |     5 |     6 ||    12
       Potion            |       |     1 |     1 ||     2
  Eat: Chunk             |       |     2 |     1 ||     3
       Ration            |       |       |     1 ||     1
Armor: Robe              |       |    18 |     8 ||    26
Dodge: Dodged            |       |     8 |    17 ||    25
